3237 views
Uploaded 2020-04-13 18:38:54
Game version 1.32.3
26:12 long 4on4 ladder game on (8)GolemsInTheMist_LV
Saved by BEARAND
3237 views
Uploaded 2020-04-13 18:38:54
Game version 1.32.3
26:12 long 4on4 ladder game on (8)GolemsInTheMist_LV


137 units @ 21.4k
/ 3k
60 buildings @ 9.5k
/ 3.8k

| Rod of Necromancy | 1 | 150 |
| Potion of Healing | 1 | 150 |
| Scroll of Town Portal | 1 | 350 |
| Dust of Appearance | 1 | 75 |
| total: | 4 | 725g |
| Acolyte | 8 | 600 | / | 0 |
| Ghoul | 13 | 1560 | / | 0 |
| Gargoyle | 6 | 1050 | / | 180 |
| Meat Wagon | 5 | 1150 | / | 250 |
| Necromancer | 5 | 725 | / | 100 |
| Frost Wyrm | 2 | 770 | / | 240 |
| total: | 39 | 5855g | / | 770w |
| Spirit Tower | 1 | 145 | / | 40 |
| Ziggurat | 6 | 900 | / | 300 |
| Altar of Darkness | 1 | 180 | / | 50 |
| Crypt | 2 | 400 | / | 100 |
| Tomb of Relics | 1 | 130 | / | 30 |
| Graveyard | 1 | 215 | / | 0 |
| Slaughterhouse | 2 | 280 | / | 270 |
| Temple of the Damned | 1 | 155 | / | 140 |
| Sacrificial Pit | 1 | 75 | / | 150 |
| Boneyard | 1 | 175 | / | 200 |
| Halls of the Dead | 1 | 320 | / | 210 |
| Black Citadel | 1 | 325 | / | 230 |
| total: | 16 | 2510g | / | 1240w |
| 0:04 | Ziggurat |
| 0:08 | Altar of Darkness |
| 0:09 | Acolyte |
| 0:09 | Acolyte |
| 0:26 | Crypt |
| 0:36 | Acolyte |
| 0:55 | Ziggurat |
| 1:10 | Tomb of Relics |
| 1:30 | Ghoul |
| 1:38 | Ghoul |
| 1:50 | Ghoul |
| 2:09 | Ziggurat |
| 2:19 | Rod of Necromancy |
| 2:22 | Death Coil |
| 2:30 | Ghoul |
| 3:37 | Ghoul |
| 3:38 | Ghoul |
| 3:40 | Halls of the Dead |
| 4:29 | Ghoul |
| 4:29 | Ghoul |
| 4:33 | Crypt |
| 5:11 | Ghoul |
| 5:17 | Ziggurat |
| 6:10 | Graveyard |
| 6:18 | Scroll of Town Portal |
| 6:20 | Potion of Healing |
| 6:46 | Ziggurat |
| 6:58 | Ghoul |
| 7:48 | Gargoyle |
| 7:49 | Gargoyle |
| 8:26 | Black Citadel |
| 8:30 | Slaughterhouse |
| 8:45 | Gargoyle |
| 9:10 | Death Pact |
| 10:03 | Death Coil |
| 10:27 | Gargoyle |
| 10:28 | Gargoyle |
| 10:29 | Gargoyle |
| 11:15 | Temple of the Damned |
| 11:57 | Dust of Appearance |
| 14:00 | Necromancer Adept Training |
| 14:06 | Meat Wagon |
| 14:07 | Meat Wagon |
| 14:47 | Slaughterhouse |
| 14:53 | Necromancer Master Training |
| 14:58 | Ziggurat |
| 15:25 | Sacrificial Pit |
| 16:22 | Meat Wagon |
| 16:35 | Necromancer |
| 16:36 | Necromancer |
| 16:36 | Necromancer |
| 16:45 | Boneyard |
| 18:13 | Death Pact |
| 18:30 | Necromancer |
| 18:30 | Necromancer |
| 18:32 | Freezing Breath |
| 19:57 | Meat Wagon |
| 19:58 | Meat Wagon |
| 20:10 | Ghoul |
| 20:10 | Ghoul |
| 20:11 | Ghoul |
| 20:15 | Acolyte |
| 20:16 | Acolyte |
| 20:36 | Acolyte |
| 22:16 | Acolyte |
| 22:43 | Frost Wyrm |
| 22:43 | Frost Wyrm |
| 25:38 | Spirit Tower |
| 25:58 | Acolyte |
| Right click | 424 |
| Select | 298 |
| Build/train/purchase | 58 |
| Use ability | 15 |
| Misc. action | 7 |
| Resource trade | 5 |
| Remove unit | 4 |
| Item give/drop | 2 |


| Rod of Necromancy | 1 | 150 |
| Orb of Corruption | 1 | 375 |
| Dust of Appearance | 1 | 75 |
| total: | 3 | 600g |
| Acolyte | 6 | 450 | / | 0 |
| Ghoul | 7 | 840 | / | 0 |
| Gargoyle | 8 | 1400 | / | 240 |
| Meat Wagon | 5 | 1150 | / | 250 |
| Crypt Fiend | 6 | 1290 | / | 240 |
| total: | 32 | 5130g | / | 730w |
| Crypt | 2 | 400 | / | 100 |
| Altar of Darkness | 1 | 180 | / | 50 |
| Ziggurat | 7 | 1050 | / | 350 |
| Tomb of Relics | 1 | 130 | / | 30 |
| Graveyard | 1 | 215 | / | 0 |
| Slaughterhouse | 3 | 420 | / | 405 |
| Halls of the Dead | 1 | 320 | / | 210 |
| Black Citadel | 1 | 325 | / | 230 |
| total: | 15 | 2395g | / | 935w |
| 0:04 | Acolyte |
| 0:09 | Crypt |
| 0:12 | Altar of Darkness |
| 0:26 | Ziggurat |
| 0:34 | Acolyte |
| 0:51 | Tomb of Relics |
| 1:10 | Ghoul |
| 1:21 | Ghoul |
| 1:39 | Ghoul |
| 1:51 | Ziggurat |
| 2:05 | Ghoul |
| 2:18 | Rod of Necromancy |
| 2:22 | Frost Nova |
| 2:46 | Ghoul |
| 3:19 | Halls of the Dead |
| 3:57 | Ghoul |
| 4:17 | Graveyard |
| 4:19 | Crypt |
| 4:26 | Ziggurat |
| 5:08 | Ghoul |
| 5:46 | Gargoyle |
| 6:00 | Gargoyle |
| 6:03 | Gargoyle |
| 6:18 | Gargoyle |
| 6:38 | Ziggurat |
| 6:42 | Gargoyle |
| 7:04 | Gargoyle |
| 7:14 | Dust of Appearance |
| 7:19 | Gargoyle |
| 7:54 | Dark Ritual |
| 8:00 | Gargoyle |
| 9:38 | Black Citadel |
| 11:01 | Slaughterhouse |
| 11:02 | Slaughterhouse |
| 11:03 | Slaughterhouse |
| 11:45 | Frost Nova |
| 12:07 | Orb of Corruption |
| 12:13 | Meat Wagon |
| 12:30 | Meat Wagon |
| 12:48 | Death Coil |
| 13:12 | Crypt Fiend |
| 13:14 | Web |
| 13:57 | Crypt Fiend |
| 14:08 | Crypt Fiend |
| 14:50 | Exhume Corpses |
| 16:22 | Meat Wagon |
| 16:23 | Acolyte |
| 16:23 | Acolyte |
| 16:54 | Acolyte |
| 16:54 | Acolyte |
| 16:55 | Meat Wagon |
| 18:28 | Ziggurat |
| 18:29 | Ziggurat |
| 18:31 | Ziggurat |
| 19:26 | Crypt Fiend |
| 21:39 | Unholy Aura |
| 22:04 | Crypt Fiend |
| 22:05 | Meat Wagon |
| 24:00 | Crypt Fiend |
| Right click | 1970 |
| Select group | 726 |
| Select | 559 |
| Build/train/purchase | 62 |
| Assign group | 44 |
| Misc. action | 27 |
| Use ability | 27 |
| Chat | 17 |
| Minimap ping | 16 |
| Item give/drop | 1 |

| Rod of Necromancy | 1 | 150 |
| total: | 1 | 150g |
| Acolyte | 10 | 750 | / | 0 |
| Ghoul | 4 | 480 | / | 0 |
| Gargoyle | 3 | 525 | / | 90 |
| Necromancer | 14 | 2030 | / | 280 |
| total: | 31 | 3785g | / | 370w |
| Altar of Darkness | 1 | 180 | / | 50 |
| Ziggurat | 8 | 1200 | / | 400 |
| Graveyard | 1 | 215 | / | 0 |
| Tomb of Relics | 1 | 130 | / | 30 |
| Crypt | 2 | 400 | / | 100 |
| Temple of the Damned | 2 | 310 | / | 280 |
| Halls of the Dead | 1 | 320 | / | 210 |
| Black Citadel | 1 | 325 | / | 230 |
| total: | 15 | 2435g | / | 860w |
| 0:06 | Acolyte |
| 0:10 | Altar of Darkness |
| 0:19 | Ziggurat |
| 0:29 | Ziggurat |
| 0:37 | Graveyard |
| 0:46 | Acolyte |
| 1:11 | Tomb of Relics |
| 1:38 | Crypt |
| 1:56 | Ziggurat |
| 2:22 | Rod of Necromancy |
| 2:26 | Death Coil |
| 3:47 | Ghoul |
| 3:47 | Ghoul |
| 4:52 | Crypt |
| 5:52 | Halls of the Dead |
| 5:58 | Ziggurat |
| 6:55 | Creature Attack |
| 7:24 | Ziggurat |
| 8:21 | Acolyte |
| 8:21 | Acolyte |
| 8:25 | Acolyte |
| 8:30 | Gargoyle |
| 8:30 | Gargoyle |
| 8:30 | Gargoyle |
| 9:06 | Ziggurat |
| 9:10 | Improved Creature Attack |
| 9:11 | Creature Carapace |
| 10:34 | Unholy Aura |
| 10:43 | Ghoul |
| 10:44 | Ghoul |
| 11:07 | Temple of the Damned |
| 12:56 | Skeletal Mastery |
| 13:03 | Temple of the Damned |
| 13:19 | Necromancer Adept Training |
| 13:51 | Black Citadel |
| 14:20 | Necromancer |
| 14:20 | Necromancer |
| 14:23 | Necromancer |
| 14:24 | Necromancer |
| 14:29 | Ziggurat |
| 14:37 | Necromancer |
| 14:38 | Necromancer |
| 15:55 | Necromancer |
| 15:55 | Necromancer |
| 16:59 | Necromancer Master Training |
| 19:24 | Necromancer |
| 19:24 | Necromancer |
| 21:09 | Necromancer |
| 21:10 | Necromancer |
| 21:14 | Ziggurat |
| 23:55 | Death Coil |
| 24:33 | Necromancer |
| 24:33 | Necromancer |
| 26:12 | Acolyte |
| 26:12 | Acolyte |
| 26:13 | Acolyte |
| 26:13 | Acolyte |
| 26:15 | Acolyte |
| Right click | 558 |
| Select group | 239 |
| Select | 228 |
| Build/train/purchase | 58 |
| Resource trade | 31 |
| Assign group | 27 |
| Use ability | 16 |

| Rod of Necromancy | 1 | 150 |
| total: | 1 | 150g |
| Acolyte | 6 | 450 | / | 0 |
| Ghoul | 2 | 240 | / | 0 |
| Crypt Fiend | 11 | 2365 | / | 440 |
| Obsidian Statue | 4 | 800 | / | 140 |
| Meat Wagon | 12 | 2760 | / | 600 |
| total: | 35 | 6615g | / | 1180w |
| Spirit Tower | 1 | 145 | / | 40 |
| Crypt | 1 | 200 | / | 50 |
| Altar of Darkness | 1 | 180 | / | 50 |
| Ziggurat | 8 | 1200 | / | 400 |
| Graveyard | 1 | 215 | / | 0 |
| Tomb of Relics | 1 | 130 | / | 30 |
| Slaughterhouse | 2 | 280 | / | 270 |
| Halls of the Dead | 1 | 320 | / | 210 |
| Black Citadel | 1 | 325 | / | 230 |
| total: | 14 | 2205g | / | 800w |
| 0:04 | Acolyte |
| 0:04 | Acolyte |
| 0:10 | Crypt |
| 0:12 | Altar of Darkness |
| 0:33 | Ziggurat |
| 0:58 | Graveyard |
| 1:11 | Ghoul |
| 1:22 | Tomb of Relics |
| 1:35 | Ghoul |
| 1:50 | Ziggurat |
| 2:20 | Crypt Fiend |
| 2:32 | Black Arrow |
| 2:58 | Crypt Fiend |
| 3:26 | Crypt Fiend |
| 4:19 | Crypt Fiend |
| 4:23 | Ziggurat |
| 4:38 | Ziggurat |
| 4:45 | Crypt Fiend |
| 5:04 | Crypt Fiend |
| 5:44 | Crypt Fiend |
| 5:46 | Halls of the Dead |
| 5:47 | Creature Attack |
| 6:09 | Life Drain |
| 6:41 | Crypt Fiend |
| 7:03 | Ziggurat |
| 7:08 | Crypt Fiend |
| 7:11 | Rod of Necromancy |
| 8:19 | Slaughterhouse |
| 8:22 | Slaughterhouse |
| 8:27 | Ziggurat |
| 9:05 | Improved Creature Attack |
| 9:27 | Obsidian Statue |
| 9:30 | Meat Wagon |
| 9:30 | Meat Wagon |
| 9:53 | Burrow |
| 10:10 | Meat Wagon |
| 10:11 | Meat Wagon |
| 10:55 | Obsidian Statue |
| 10:57 | Obsidian Statue |
| 10:57 | Meat Wagon |
| 11:42 | Acolyte |
| 12:56 | Meat Wagon |
| 12:56 | Meat Wagon |
| 13:00 | Ziggurat |
| 13:01 | Ziggurat |
| 15:38 | Acolyte |
| 15:38 | Acolyte |
| 16:04 | Black Arrow |
| 16:20 | Crypt Fiend |
| 17:19 | Crypt Fiend |
| 17:52 | Obsidian Statue |
| 17:52 | Meat Wagon |
| 19:48 | Meat Wagon |
| 19:50 | Meat Wagon |
| 20:02 | Black Citadel |
| 21:09 | Web |
| 21:21 | Spirit Tower |
| 22:01 | Exhume Corpses |
| 22:57 | Acolyte |
| 23:08 | Meat Wagon |
| 23:10 | Meat Wagon |
| 26:06 | Silence |
| Right click | 1176 |
| Select | 439 |
| Build/train/purchase | 63 |
| Select group | 49 |
| Misc. action | 26 |
| Assign group | 14 |
| Use ability | 7 |
| Remove unit | 2 |
| Esc | 1 |
122 units @ 11k
/ 0.7k
333 buildings @ 18.1k
/ 10.2k



| Staff of Sanctuary | 3 | 750 |
| Staff of Teleportation | 2 | 300 |
| Boots of Speed | 1 | 250 |
| Healing Salve | 2 | 200 |
| Orb of Lightning | 2 | 750 |
| total: | 10 | 2250g |
| Peasant | 31 | 2325 | / | 0 |
| Priest | 4 | 540 | / | 40 |
| total: | 35 | 2865g | / | 40w |
| Scout Tower | 99 | 2970 | / | 1980 |
| Guard Tower | 45 | 3150 | / | 2250 |
| Arcane Tower | 5 | 350 | / | 250 |
| Altar of Kings | 1 | 180 | / | 50 |
| Farm | 4 | 320 | / | 80 |
| Lumber Mill | 2 | 240 | / | 0 |
| Town Hall | 2 | 770 | / | 410 |
| Arcane Sanctum | 1 | 150 | / | 140 |
| Keep | 1 | 320 | / | 210 |
| Castle | 1 | 360 | / | 210 |
| total: | 109 | 4630g | / | 2660w |
| 0:01 | Peasant |
| 0:03 | Altar of Kings |
| 0:08 | Peasant |
| 0:17 | Farm |
| 0:18 | Peasant |
| 0:23 | Peasant |
| 0:32 | Lumber Mill |
| 0:50 | Peasant |
| 1:01 | Peasant |
| 1:13 | Scout Tower |
| 1:17 | Peasant |
| 1:25 | Farm |
| 1:31 | Peasant |
| 1:40 | Guard Tower |
| 1:42 | Scout Tower |
| 1:48 | Peasant |
| 2:09 | Scout Tower |
| 2:13 | Guard Tower |
| 2:19 | Blizzard |
| 2:24 | Peasant |
| 2:42 | Guard Tower |
| 3:28 | Scout Tower |
| 3:29 | Scout Tower |
| 3:37 | Peasant |
| 3:58 | Guard Tower |
| 4:00 | Scout Tower |
| 4:00 | Scout Tower |
| 4:36 | Peasant |
| 4:40 | Guard Tower |
| 4:42 | Scout Tower |
| 4:43 | Scout Tower |
| 5:03 | Scout Tower |
| 5:05 | Peasant |
| 5:07 | Peasant |
| 5:09 | Guard Tower |
| 5:09 | Guard Tower |
| 5:11 | Scout Tower |
| 5:11 | Scout Tower |
| 5:26 | Scout Tower |
| 5:28 | Scout Tower |
| 5:31 | Guard Tower |
| 5:32 | Scout Tower |
| 5:33 | Scout Tower |
| 5:34 | Scout Tower |
| 5:41 | Guard Tower |
| 5:43 | Scout Tower |
| 5:44 | Scout Tower |
| 6:01 | Arcane Tower |
| 6:03 | Scout Tower |
| 6:21 | Scout Tower |
| 6:24 | Guard Tower |
| 6:26 | Scout Tower |
| 6:27 | Scout Tower |
| 6:33 | Keep |
| 6:35 | Improved Masonry |
| 6:37 | Guard Tower |
| 6:40 | Scout Tower |
| 6:40 | Scout Tower |
| 6:44 | Scout Tower |
| 6:50 | Guard Tower |
| 7:00 | Guard Tower |
| 7:05 | Guard Tower |
| 7:15 | Guard Tower |
| 7:29 | Scout Tower |
| 7:31 | Scout Tower |
| 7:32 | Scout Tower |
| 7:33 | Scout Tower |
| 7:42 | Arcane Tower |
| 8:32 | Town Hall |
| 8:39 | Guard Tower |
| 8:42 | Arcane Tower |
| 8:48 | Guard Tower |
| 8:49 | Guard Tower |
| 8:54 | Peasant |
| 8:55 | Peasant |
| 8:59 | Guard Tower |
| 9:02 | Brilliance Aura |
| 9:07 | Scout Tower |
| 9:22 | Healing Salve |
| 9:45 | Scout Tower |
| 10:07 | Peasant |
| 10:07 | Peasant |
| 10:14 | Peasant |
| 10:14 | Peasant |
| 10:29 | Peasant |
| 10:33 | Scout Tower |
| 10:39 | Scout Tower |
| 10:43 | Blizzard |
| 10:54 | Scout Tower |
| 10:56 | Scout Tower |
| 10:58 | Scout Tower |
| 10:58 | Peasant |
| 11:01 | Advanced Masonry |
| 11:02 | Improved Lumber Harvesting |
| 11:03 | Peasant |
| 11:03 | Peasant |
| 11:16 | Guard Tower |
| 11:17 | Scout Tower |
| 11:26 | Guard Tower |
| 11:27 | Guard Tower |
| 11:32 | Guard Tower |
| 11:43 | Peasant |
| 11:56 | Staff of Teleportation |
| 12:06 | Scout Tower |
| 12:07 | Scout Tower |
| 12:07 | Scout Tower |
| 12:10 | Guard Tower |
| 12:27 | Storm Bolt |
| 12:38 | Farm |
| 12:46 | Guard Tower |
| 12:47 | Scout Tower |
| 12:48 | Scout Tower |
| 12:48 | Scout Tower |
| 12:49 | Scout Tower |
| 12:50 | Scout Tower |
| 12:51 | Scout Tower |
| 12:54 | Farm |
| 13:42 | Scout Tower |
| 13:43 | Scout Tower |
| 13:43 | Scout Tower |
| 14:15 | Guard Tower |
| 14:17 | Scout Tower |
| 14:17 | Scout Tower |
| 14:18 | Scout Tower |
| 14:21 | Guard Tower |
| 14:22 | Scout Tower |
| 14:23 | Scout Tower |
| 14:24 | Scout Tower |
| 14:34 | Guard Tower |
| 14:43 | Castle |
| 14:45 | Peasant |
| 14:45 | Peasant |
| 14:57 | Staff of Teleportation |
| 14:58 | Boots of Speed |
| 15:39 | Peasant |
| 15:40 | Guard Tower |
| 15:47 | Scout Tower |
| 15:48 | Scout Tower |
| 15:49 | Scout Tower |
| 16:13 | Scout Tower |
| 16:13 | Scout Tower |
| 16:23 | Guard Tower |
| 16:25 | Scout Tower |
| 16:26 | Scout Tower |
| 16:27 | Scout Tower |
| 16:28 | Guard Tower |
| 16:31 | Peasant |
| 16:53 | Scout Tower |
| 16:54 | Scout Tower |
| 16:57 | Guard Tower |
| 16:58 | Scout Tower |
| 17:20 | Bash |
| 17:22 | Guard Tower |
| 17:29 | Guard Tower |
| 18:00 | Scout Tower |
| 18:01 | Scout Tower |
| 18:05 | Healing Salve |
| 18:09 | Orb of Lightning |
| 18:20 | Holy Light |
| 18:29 | Arcane Sanctum |
| 18:32 | Guard Tower |
| 18:36 | Scout Tower |
| 19:05 | Guard Tower |
| 19:14 | Imbued Masonry |
| 19:17 | Scout Tower |
| 19:17 | Scout Tower |
| 19:18 | Scout Tower |
| 19:18 | Scout Tower |
| 19:19 | Scout Tower |
| 19:52 | Guard Tower |
| 19:53 | Scout Tower |
| 19:54 | Scout Tower |
| 19:54 | Scout Tower |
| 19:54 | Scout Tower |
| 20:00 | Magic Sentry |
| 20:29 | Orb of Lightning |
| 20:32 | Scout Tower |
| 20:33 | Scout Tower |
| 20:33 | Scout Tower |
| 20:35 | Guard Tower |
| 20:47 | Guard Tower |
| 21:07 | Guard Tower |
| 21:09 | Scout Tower |
| 21:09 | Scout Tower |
| 21:29 | Priest Adept Training |
| 21:47 | Town Hall |
| 21:55 | Priest |
| 22:05 | Staff of Sanctuary |
| 22:06 | Staff of Sanctuary |
| 22:11 | Divine Shield |
| 22:13 | Storm Bolt |
| 22:23 | Guard Tower |
| 22:34 | Brilliance Aura |
| 22:40 | Priest |
| 24:03 | Scout Tower |
| 24:04 | Scout Tower |
| 24:06 | Priest |
| 24:07 | Priest |
| 24:30 | Peasant |
| 24:31 | Peasant |
| 24:50 | Arcane Tower |
| 25:00 | Staff of Sanctuary |
| 25:11 | Scout Tower |
| 25:12 | Scout Tower |
| 25:14 | Lumber Mill |
| 25:16 | Scout Tower |
| 25:17 | Scout Tower |
| 25:17 | Scout Tower |
| 25:50 | Scout Tower |
| 25:51 | Scout Tower |
| 25:52 | Scout Tower |
| 26:01 | Scout Tower |
| 26:03 | Guard Tower |
| 26:17 | Guard Tower |
| 26:18 | Guard Tower |
| 26:20 | Scout Tower |
| 26:20 | Scout Tower |
| 26:21 | Scout Tower |
| 26:21 | Scout Tower |
| Right click | 1909 |
| Select | 971 |
| Select group | 355 |
| Build/train/purchase | 167 |
| Assign group | 121 |
| Use ability | 108 |
| Misc. action | 21 |
| Resource trade | 8 |
| Minimap ping | 5 |
| Item give/drop | 1 |
⇛
iggythefisk
(26:26) : 
| Healing Salve | 5 | 500 |
| Lesser Clarity Potion | 11 | 770 |
| Orb of Lightning | 1 | 375 |
| Scroll of Town Portal | 1 | 350 |
| Boots of Speed | 1 | 250 |
| Staff of Teleportation | 1 | 150 |
| Circlet of Nobility | 1 | 175 |
| total: | 21 | 2570g |
| Peon | 13 | 975 | / | 0 |
| Troll Batrider | 11 | 1760 | / | 440 |
| total: | 24 | 2735g | / | 440w |
| Watch Tower | 8 | 880 | / | 640 |
| Altar of Storms | 1 | 180 | / | 50 |
| Orc Burrow | 4 | 640 | / | 160 |
| War Mill | 1 | 205 | / | 0 |
| Voodoo Lounge | 6 | 780 | / | 180 |
| Beastiary | 3 | 435 | / | 420 |
| Stronghold | 1 | 315 | / | 190 |
| Fortress | 1 | 325 | / | 190 |
| total: | 23 | 3120g | / | 1450w |
| 0:01 | Peon |
| 0:02 | Altar of Storms |
| 0:14 | Peon |
| 0:17 | Orc Burrow |
| 0:20 | Peon |
| 0:40 | Peon |
| 0:48 | War Mill |
| 0:55 | Peon |
| 1:13 | Peon |
| 1:24 | Peon |
| 1:40 | Peon |
| 1:44 | Voodoo Lounge |
| 1:48 | Peon |
| 2:02 | Peon |
| 2:07 | Wind Walk |
| 2:11 | Peon |
| 2:53 | Healing Salve |
| 2:53 | Lesser Clarity Potion |
| 3:00 | Watch Tower |
| 3:36 | Stronghold |
| 3:40 | Watch Tower |
| 4:02 | Healing Salve |
| 4:02 | Lesser Clarity Potion |
| 4:25 | Watch Tower |
| 4:45 | Watch Tower |
| 4:50 | Watch Tower |
| 5:48 | Watch Tower |
| 5:49 | Watch Tower |
| 5:58 | Beastiary |
| 6:22 | Voodoo Lounge |
| 6:25 | Peon |
| 6:25 | Peon |
| 6:41 | Boots of Speed |
| 6:41 | Staff of Teleportation |
| 6:41 | Circlet of Nobility |
| 6:59 | Beastiary |
| 7:35 | Watch Tower |
| 7:44 | Orc Burrow |
| 8:07 | Orc Burrow |
| 8:22 | Critical Strike |
| 8:24 | Lesser Clarity Potion |
| 8:56 | Troll Batrider |
| 9:02 | Fortress |
| 9:05 | Troll Batrider |
| 9:30 | Troll Batrider |
| 9:39 | Orc Burrow |
| 9:47 | Lesser Clarity Potion |
| 9:48 | Lesser Clarity Potion |
| 9:58 | Troll Batrider |
| 10:22 | Troll Batrider |
| 10:35 | Beastiary |
| 10:45 | Troll Batrider |
| 11:01 | Steel Armor |
| 11:46 | Troll Batrider |
| 12:07 | Troll Batrider |
| 12:20 | Liquid Fire |
| 12:38 | Voodoo Lounge |
| 12:39 | Voodoo Lounge |
| 14:20 | Thorium Armor |
| 14:21 | Troll Batrider |
| 14:29 | Voodoo Lounge |
| 14:31 | Healing Salve |
| 14:32 | Lesser Clarity Potion |
| 15:10 | Wind Walk |
| 15:24 | Steel Melee Weapons |
| 16:04 | Orb of Lightning |
| 16:04 | Lesser Clarity Potion |
| 16:11 | Troll Batrider |
| 16:44 | Thorium Melee Weapons |
| 16:45 | Healing Salve |
| 16:47 | Lesser Clarity Potion |
| 17:13 | Arcanite Armor |
| 17:23 | Voodoo Lounge |
| 18:40 | Lesser Clarity Potion |
| 19:37 | Critical Strike |
| 20:10 | Healing Salve |
| 20:13 | Lesser Clarity Potion |
| 20:51 | Troll Batrider |
| 21:45 | Lesser Clarity Potion |
| 21:46 | Scroll of Town Portal |
| 24:28 | Critical Strike |
| Right click | 1700 |
| Assign group | 801 |
| Select group | 435 |
| Select | 182 |
| Build/train/purchase | 140 |
| Chat | 62 |
| Resource trade | 40 |
| Use ability | 36 |
| Item give/drop | 2 |
| Remove unit | 1 |
| Minimap ping | 1 |



| Potion of Healing | 3 | 450 |
| Lesser Clarity Potion | 2 | 140 |
| Staff of Sanctuary | 3 | 750 |
| Boots of Speed | 3 | 750 |
| Periapt of Vitality | 1 | 325 |
| Staff of Teleportation | 2 | 300 |
| Healing Salve | 3 | 300 |
| Orb of Lightning | 1 | 375 |
| total: | 18 | 3390g |
| Peasant | 20 | 1500 | / | 0 |
| Priest | 5 | 675 | / | 50 |
| Dragonhawk Rider | 2 | 400 | / | 60 |
| total: | 27 | 2575g | / | 110w |
| Scout Tower | 78 | 2340 | / | 1560 |
| Guard Tower | 60 | 4200 | / | 3000 |
| Arcane Tower | 4 | 280 | / | 200 |
| Altar of Kings | 1 | 180 | / | 50 |
| Farm | 6 | 480 | / | 120 |
| Lumber Mill | 1 | 120 | / | 0 |
| Town Hall | 3 | 1155 | / | 615 |
| Arcane Vault | 2 | 260 | / | 60 |
| Blacksmith | 1 | 140 | / | 60 |
| Barracks | 1 | 160 | / | 60 |
| Arcane Sanctum | 1 | 150 | / | 140 |
| Gryphon Aviary | 2 | 280 | / | 300 |
| Keep | 1 | 320 | / | 210 |
| Castle | 2 | 720 | / | 420 |
| total: | 96 | 5265g | / | 2965w |
| 0:02 | Peasant |
| 0:02 | Peasant |
| 0:07 | Altar of Kings |
| 0:14 | Peasant |
| 0:18 | Farm |
| 0:25 | Peasant |
| 0:46 | Lumber Mill |
| 0:58 | Peasant |
| 0:59 | Peasant |
| 1:19 | Farm |
| 1:26 | Peasant |
| 1:28 | Peasant |
| 1:39 | Scout Tower |
| 1:40 | Scout Tower |
| 1:43 | Scout Tower |
| 1:47 | Peasant |
| 1:52 | Scout Tower |
| 1:53 | Scout Tower |
| 1:56 | Peasant |
| 2:02 | Scout Tower |
| 2:07 | Guard Tower |
| 2:10 | Scout Tower |
| 2:11 | Arcane Tower |
| 2:12 | Blizzard |
| 2:30 | Arcane Tower |
| 2:34 | Guard Tower |
| 2:40 | Guard Tower |
| 2:41 | Scout Tower |
| 2:42 | Scout Tower |
| 2:44 | Scout Tower |
| 2:45 | Scout Tower |
| 2:48 | Scout Tower |
| 3:01 | Scout Tower |
| 3:33 | Healing Salve |
| 3:37 | Guard Tower |
| 3:38 | Scout Tower |
| 3:39 | Scout Tower |
| 3:43 | Guard Tower |
| 3:49 | Peasant |
| 3:49 | Peasant |
| 3:50 | Peasant |
| 4:14 | Scout Tower |
| 4:15 | Scout Tower |
| 4:22 | Guard Tower |
| 4:25 | Scout Tower |
| 4:26 | Scout Tower |
| 4:56 | Guard Tower |
| 4:57 | Guard Tower |
| 5:18 | Scout Tower |
| 5:19 | Scout Tower |
| 5:19 | Scout Tower |
| 5:20 | Scout Tower |
| 5:21 | Scout Tower |
| 5:21 | Scout Tower |
| 5:32 | Scout Tower |
| 5:33 | Scout Tower |
| 5:49 | Guard Tower |
| 6:03 | Guard Tower |
| 6:11 | Guard Tower |
| 6:12 | Guard Tower |
| 6:13 | Guard Tower |
| 6:24 | Scout Tower |
| 6:25 | Scout Tower |
| 6:26 | Scout Tower |
| 6:37 | Peasant |
| 6:37 | Peasant |
| 7:06 | Scout Tower |
| 7:22 | Town Hall |
| 7:24 | Scout Tower |
| 7:39 | Guard Tower |
| 7:44 | Keep |
| 7:50 | Scout Tower |
| 7:51 | Scout Tower |
| 8:10 | Arcane Tower |
| 8:21 | Scout Tower |
| 8:45 | Arcane Tower |
| 8:50 | Farm |
| 8:51 | Scout Tower |
| 8:52 | Farm |
| 8:54 | Scout Tower |
| 9:01 | Guard Tower |
| 9:02 | Guard Tower |
| 9:07 | Brilliance Aura |
| 9:28 | Guard Tower |
| 9:29 | Scout Tower |
| 9:30 | Scout Tower |
| 10:15 | Guard Tower |
| 10:15 | Guard Tower |
| 10:21 | Arcane Sanctum |
| 10:23 | Peasant |
| 10:23 | Peasant |
| 10:23 | Peasant |
| 10:23 | Peasant |
| 10:24 | Peasant |
| 10:25 | Improved Lumber Harvesting |
| 10:52 | Healing Salve |
| 10:58 | Improved Masonry |
| 10:58 | Advanced Masonry |
| 11:08 | Scout Tower |
| 11:39 | Arcane Vault |
| 11:50 | Scout Tower |
| 12:14 | Guard Tower |
| 12:32 | Storm Bolt |
| 12:36 | Scout Tower |
| 12:53 | Magic Sentry |
| 12:53 | Guard Tower |
| 12:54 | Guard Tower |
| 12:57 | Scout Tower |
| 12:57 | Scout Tower |
| 12:58 | Scout Tower |
| 12:58 | Guard Tower |
| 13:13 | Potion of Healing |
| 13:18 | Guard Tower |
| 14:03 | Scout Tower |
| 14:04 | Scout Tower |
| 14:06 | Guard Tower |
| 14:07 | Castle |
| 14:13 | Guard Tower |
| 14:15 | Scout Tower |
| 14:15 | Scout Tower |
| 14:34 | Guard Tower |
| 14:34 | Guard Tower |
| 14:37 | Imbued Masonry |
| 15:20 | Town Hall |
| 16:18 | Scout Tower |
| 16:20 | Scout Tower |
| 16:21 | Scout Tower |
| 16:24 | Arcane Vault |
| 16:38 | Healing Salve |
| 16:38 | Lesser Clarity Potion |
| 16:39 | Orb of Lightning |
| 16:41 | Lesser Clarity Potion |
| 17:03 | Staff of Sanctuary |
| 17:10 | Farm |
| 17:11 | Guard Tower |
| 17:13 | Farm |
| 17:50 | Scout Tower |
| 17:51 | Scout Tower |
| 17:55 | Guard Tower |
| 17:57 | Scout Tower |
| 18:21 | Guard Tower |
| 18:32 | Guard Tower |
| 18:36 | Potion of Healing |
| 19:02 | Scout Tower |
| 19:02 | Scout Tower |
| 19:22 | Staff of Sanctuary |
| 19:39 | Guard Tower |
| 19:41 | Scout Tower |
| 19:41 | Scout Tower |
| 19:41 | Scout Tower |
| 19:43 | Scout Tower |
| 19:44 | Scout Tower |
| 19:44 | Scout Tower |
| 19:44 | Scout Tower |
| 19:49 | Staff of Sanctuary |
| 19:50 | Holy Light |
| 19:53 | Priest |
| 19:55 | Gryphon Aviary |
| 19:55 | Gryphon Aviary |
| 20:01 | Potion of Healing |
| 20:08 | Town Hall |
| 20:09 | Guard Tower |
| 20:12 | Scout Tower |
| 20:12 | Scout Tower |
| 20:13 | Scout Tower |
| 20:13 | Scout Tower |
| 20:14 | Scout Tower |
| 20:14 | Scout Tower |
| 20:15 | Scout Tower |
| 20:32 | Guard Tower |
| 20:51 | Guard Tower |
| 20:53 | Scout Tower |
| 20:54 | Scout Tower |
| 21:09 | Blizzard |
| 21:33 | Priest |
| 21:33 | Priest |
| 21:33 | Priest Adept Training |
| 21:50 | Bash |
| 21:54 | Guard Tower |
| 21:55 | Guard Tower |
| 22:03 | Boots of Speed |
| 22:03 | Boots of Speed |
| 22:03 | Boots of Speed |
| 22:15 | Periapt of Vitality |
| 22:20 | Staff of Teleportation |
| 22:20 | Staff of Teleportation |
| 22:28 | Guard Tower |
| 22:55 | Guard Tower |
| 23:48 | Divine Shield |
| 24:08 | Scout Tower |
| 24:30 | Scout Tower |
| 24:31 | Scout Tower |
| 24:31 | Scout Tower |
| 24:31 | Scout Tower |
| 25:02 | Priest |
| 25:04 | Guard Tower |
| 25:15 | Priest Master Training |
| 25:15 | Priest |
| 25:48 | Dragonhawk Rider |
| 25:51 | Brilliance Aura |
| 26:05 | Blacksmith |
| 26:06 | Barracks |
| 26:09 | Cloud |
| 26:10 | Dragonhawk Rider |
| Right click | 2635 |
| Select | 735 |
| Select group | 455 |
| Build/train/purchase | 208 |
| Use ability | 72 |
| Chat | 50 |
| Misc. action | 31 |
| Assign group | 14 |
| Resource trade | 10 |
| Minimap ping | 3 |
| Item give/drop | 2 |
| Remove unit | 2 |
⇛
TIMG4STRok
(26:26) : 


| Lesser Clarity Potion | 1 | 70 |
| Scroll of Regeneration | 2 | 200 |
| Potion of Healing | 2 | 300 |
| Staff of Sanctuary | 1 | 250 |
| Boots of Speed | 3 | 750 |
| Staff of Teleportation | 3 | 450 |
| Circlet of Nobility | 3 | 525 |
| Periapt of Vitality | 1 | 325 |
| Orb of Lightning | 2 | 750 |
| Healing Salve | 1 | 100 |
| total: | 19 | 3720g |
| Peasant | 32 | 2400 | / | 0 |
| Priest | 1 | 135 | / | 10 |
| Flying Machine | 3 | 300 | / | 90 |
| total: | 36 | 2835g | / | 100w |
| Scout Tower | 87 | 2610 | / | 1740 |
| Arcane Tower | 4 | 280 | / | 200 |
| Guard Tower | 34 | 2380 | / | 1700 |
| Altar of Kings | 1 | 180 | / | 50 |
| Farm | 5 | 400 | / | 100 |
| Lumber Mill | 1 | 120 | / | 0 |
| Town Hall | 1 | 385 | / | 205 |
| Blacksmith | 1 | 140 | / | 60 |
| Arcane Vault | 3 | 390 | / | 90 |
| Arcane Sanctum | 1 | 150 | / | 140 |
| Gryphon Aviary | 1 | 140 | / | 150 |
| Workshop | 4 | 560 | / | 560 |
| Keep | 2 | 640 | / | 420 |
| Castle | 1 | 360 | / | 210 |
| total: | 105 | 5075g | / | 3095w |
| 0:04 | Peasant |
| 0:04 | Peasant |
| 0:04 | Peasant |
| 0:09 | Altar of Kings |
| 0:13 | Farm |
| 0:15 | Peasant |
| 0:29 | Peasant |
| 1:03 | Lumber Mill |
| 1:05 | Peasant |
| 1:09 | Farm |
| 1:13 | Peasant |
| 1:20 | Peasant |
| 1:30 | Peasant |
| 1:33 | Scout Tower |
| 1:42 | Peasant |
| 1:59 | Scout Tower |
| 2:02 | Arcane Tower |
| 2:03 | Scout Tower |
| 2:09 | Blizzard |
| 2:18 | Peasant |
| 2:19 | Peasant |
| 2:26 | Arcane Tower |
| 2:27 | Scout Tower |
| 2:35 | Guard Tower |
| 2:51 | Peasant |
| 2:52 | Peasant |
| 3:26 | Scout Tower |
| 3:38 | Scout Tower |
| 3:38 | Scout Tower |
| 3:39 | Peasant |
| 3:39 | Peasant |
| 3:40 | Peasant |
| 3:44 | Lesser Clarity Potion |
| 3:55 | Guard Tower |
| 3:57 | Scout Tower |
| 4:01 | Improved Masonry |
| 4:03 | Scout Tower |
| 4:04 | Scout Tower |
| 4:05 | Scout Tower |
| 4:08 | Scout Tower |
| 4:10 | Guard Tower |
| 4:26 | Scout Tower |
| 4:27 | Peasant |
| 4:28 | Peasant |
| 4:28 | Peasant |
| 4:35 | Farm |
| 4:37 | Guard Tower |
| 4:40 | Scout Tower |
| 4:44 | Guard Tower |
| 5:01 | Peasant |
| 5:01 | Peasant |
| 5:20 | Scout Tower |
| 5:42 | Scout Tower |
| 5:45 | Scout Tower |
| 6:03 | Arcane Tower |
| 6:06 | Scout Tower |
| 6:07 | Peasant |
| 6:08 | Peasant |
| 6:14 | Guard Tower |
| 6:15 | Scout Tower |
| 6:16 | Guard Tower |
| 6:18 | Scout Tower |
| 6:24 | Scout Tower |
| 6:25 | Scout Tower |
| 6:27 | Scout Tower |
| 6:41 | Keep |
| 6:47 | Arcane Tower |
| 7:24 | Town Hall |
| 7:26 | Brilliance Aura |
| 7:31 | Scout Tower |
| 7:33 | Scout Tower |
| 7:35 | Scout Tower |
| 7:37 | Scout Tower |
| 7:38 | Scout Tower |
| 7:44 | Scout Tower |
| 7:44 | Scout Tower |
| 7:47 | Scout Tower |
| 7:49 | Scout Tower |
| 7:50 | Scout Tower |
| 7:58 | Guard Tower |
| 8:02 | Guard Tower |
| 8:18 | Guard Tower |
| 8:33 | Guard Tower |
| 8:55 | Guard Tower |
| 8:57 | Guard Tower |
| 9:10 | Guard Tower |
| 9:15 | Peasant |
| 9:15 | Peasant |
| 9:15 | Peasant |
| 9:28 | Guard Tower |
| 9:38 | Guard Tower |
| 9:42 | Peasant |
| 9:47 | Advanced Masonry |
| 9:47 | Imbued Masonry |
| 9:54 | Guard Tower |
| 10:00 | Scout Tower |
| 10:01 | Scout Tower |
| 10:06 | Peasant |
| 10:06 | Peasant |
| 10:10 | Improved Lumber Harvesting |
| 10:38 | Guard Tower |
| 10:40 | Scout Tower |
| 10:40 | Scout Tower |
| 10:41 | Scout Tower |
| 10:41 | Scout Tower |
| 10:58 | Arcane Sanctum |
| 11:05 | Gryphon Aviary |
| 11:16 | Guard Tower |
| 11:41 | Guard Tower |
| 11:43 | Scout Tower |
| 11:44 | Scout Tower |
| 11:48 | Storm Bolt |
| 12:01 | Blacksmith |
| 12:13 | Guard Tower |
| 12:15 | Scout Tower |
| 12:16 | Scout Tower |
| 12:16 | Scout Tower |
| 12:17 | Scout Tower |
| 12:20 | Scout Tower |
| 12:21 | Scout Tower |
| 13:01 | Guard Tower |
| 13:08 | Scroll of Regeneration |
| 13:08 | Potion of Healing |
| 13:14 | Orb of Lightning |
| 14:09 | Scout Tower |
| 14:10 | Scout Tower |
| 14:11 | Peasant |
| 14:12 | Peasant |
| 14:14 | Castle |
| 14:18 | Magic Sentry |
| 14:20 | Workshop |
| 14:21 | Workshop |
| 14:23 | Workshop |
| 14:24 | Workshop |
| 14:27 | Farm |
| 14:29 | Farm |
| 14:41 | Guard Tower |
| 14:51 | Scout Tower |
| 14:51 | Scout Tower |
| 14:52 | Scout Tower |
| 14:53 | Scout Tower |
| 14:58 | Black Gunpowder |
| 14:59 | Iron Plating |
| 15:29 | Boots of Speed |
| 15:29 | Staff of Teleportation |
| 15:30 | Circlet of Nobility |
| 16:24 | Guard Tower |
| 16:26 | Scout Tower |
| 16:26 | Scout Tower |
| 16:28 | Scout Tower |
| 16:28 | Scout Tower |
| 16:29 | Scout Tower |
| 16:30 | Scout Tower |
| 16:30 | Scout Tower |
| 16:31 | Scout Tower |
| 16:33 | Priest |
| 16:33 | Priest Adept Training |
| 16:50 | Flak Cannons |
| 16:51 | Flying Machine |
| 16:51 | Flying Machine |
| 17:10 | Arcane Vault |
| 17:23 | Flying Machine |
| 17:28 | Refined Gunpowder |
| 17:47 | Holy Light |
| 19:02 | Scroll of Regeneration |
| 19:05 | Orb of Lightning |
| 19:05 | Potion of Healing |
| 19:08 | Healing Salve |
| 19:10 | Guard Tower |
| 19:12 | Scout Tower |
| 19:13 | Scout Tower |
| 19:13 | Scout Tower |
| 19:14 | Scout Tower |
| 20:07 | Guard Tower |
| 20:11 | Imbued Gunpowder |
| 20:12 | Steel Plating |
| 20:14 | Circlet of Nobility |
| 20:17 | Boots of Speed |
| 20:17 | Staff of Teleportation |
| 20:26 | Scout Tower |
| 20:27 | Scout Tower |
| 20:27 | Scout Tower |
| 20:28 | Scout Tower |
| 20:30 | Guard Tower |
| 20:32 | Scout Tower |
| 20:33 | Scout Tower |
| 20:42 | Arcane Vault |
| 20:43 | Arcane Vault |
| 21:00 | Thunder Clap |
| 21:28 | Guard Tower |
| 21:30 | Scout Tower |
| 21:31 | Scout Tower |
| 21:31 | Scout Tower |
| 21:33 | Scout Tower |
| 21:33 | Scout Tower |
| 21:38 | Priest Master Training |
| 21:53 | Staff of Sanctuary |
| 22:18 | Guard Tower |
| 22:20 | Scout Tower |
| 22:20 | Scout Tower |
| 22:21 | Scout Tower |
| 22:22 | Scout Tower |
| 22:35 | Boots of Speed |
| 22:36 | Staff of Teleportation |
| 22:46 | Periapt of Vitality |
| 22:58 | Circlet of Nobility |
| 23:59 | Blizzard |
| 24:10 | Guard Tower |
| 24:12 | Scout Tower |
| 24:13 | Scout Tower |
| 24:14 | Scout Tower |
| 24:16 | Guard Tower |
| 24:33 | Guard Tower |
| 25:09 | Scout Tower |
| 25:42 | Guard Tower |
| 25:44 | Scout Tower |
| 25:45 | Scout Tower |
| 25:46 | Scout Tower |
| 26:02 | Divine Shield |
| Right click | 1902 |
| Select group | 1122 |
| Select | 362 |
| Build/train/purchase | 152 |
| Chat | 108 |
| Use ability | 73 |
| Misc. action | 39 |
| Minimap ping | 28 |
| Resource trade | 21 |
| Assign group | 18 |
| Esc | 13 |
| Item give/drop | 4 |